 Dungeon Crawl Stone Soup version 0.27-a0-1188-g73eefd5def (webtiles) character file.

Game seed: 2480963025394550956

622 Lemonice the Chopper (level 7, -6/54 HPs)
             Began as a Demonspawn Gladiator on May 21, 2021.
             Killed from afar by an orc wizard (12 damage)
             ... with a puff of flame
             ... on level 5 of the Dungeon.
             The game lasted 00:08:19 (5162 turns).

Lemonice the Chopper (Demonspawn Gladiator)         Turns: 5162, Time: 00:08:19

Health: -6/54      AC:  5    Str: 15    XL:     7   Next: 22%
Magic:  7/7        EV: 13    Int: 10    God:
Gold:   246        SH:  0    Dex: 15    Spells: 6/6 levels left

rFire    . . .     SeeInvis .   a - +0 war axe
rCold    . . .     Faith    .   (no shield)
rNeg     . . .     Spirit   .   b - +0 leather armour
rPois    .         Reflect  .   c - +0 helmet
rElec    .         Harm     .   (no cloak)
rCorr    .         Rampage  .   l - +0 pair of gloves
Will     .....                  (no boots)
Stlth    +.........             (no amulet)
HPRegen  0.18/turn              (no ring)
MPRegen  0.20/turn              (no ring)

@: no status effects
A: talons 1, ignite blood 2, magic regeneration
a: no special abilities


You were on level 5 of the Dungeon.
You visited 2 branches of the dungeon, and saw 7 of its levels.

You collected 246 gold pieces.

Inventory:

Hand Weapons
 a - a +0 war axe (weapon)
 g - a +0 dagger
Missiles
 d - 3 throwing nets (quivered)
Armour
 b - a +0 leather armour (worn)
 c - a +0 helmet (worn)
 f - +0 ice dragon scales
 l - a +0 pair of gloves (worn)
Wands
 v - a wand of charming (6)
Scrolls
 i - 4 scrolls of identify {unknown}
 n - 2 scrolls of vulnerability {unknown}
 o - 2 scrolls of teleportation {unknown}
 p - a scroll of fog {unknown}
 q - 2 scrolls of summoning {unknown}
 s - a scroll of acquirement {unknown}
 t - 2 scrolls of enchant armour {unknown}
 w - a scroll of blinking {unknown}
Potions
 e - a potion of mutation {unknown}
 h - 2 potions of lignification {unknown}
 j - a potion of haste {unknown}
 k - a potion of invisibility {unknown}
 m - 4 potions of curing {unknown}
 r - a potion of attraction {unknown}
 u - a potion of might {unknown}
 x - a potion of brilliance {unknown}


   Skills:
 + Level 4.2 Fighting
 + Level 4.5 Axes
 - Level 1.8 Throwing
 + Level 3.1 Armour
 + Level 4.4 Dodging


You had 6 spell levels left.
You didn't know any spells.
Your spell library was empty.

Dungeon Overview and Level Annotations

Branches:
Dungeon (6/15)             Temple (1/1) D:4

Altars:
Ashenzari
Fedhas
Gozag
Hepliaklqana
Nemelex Xobeh
Okawaru
Qazlal
Ru
Uskayaw
Vehumet
Wu Jian
Xom
Yredelemnul
Zin
The Shining One

Shops:
D:5 (

Annotations:
D:2 Terence


Innate Abilities, Weirdness & Mutations

You have sharp toenails.
Your demonic aura often causes spilled blood to erupt in flames.
You regenerate magic rapidly.


Message History

The orc priest calls down the wrath of Beogh upon you.
Beogh smites you!
The orc wizard casts a spell at itself.
The orc wizard flickers and vanishes!
The centaur skeleton misses you.
The centaur skeleton kicks you but does no damage.
The orc roars noisily.
The centaur skeleton hits you but does no damage.
The centaur skeleton misses you. The orc closely misses you.
Found a stone staircase leading down.
You closely miss the orc priest. You hit the centaur skeleton.
You hit the orc but do no damage.
The centaur skeleton hits you but does no damage.
The centaur skeleton barely misses you.
The orc priest miscasts a cantrip.
The orc hits you with a +0 hand axe.
The centaur skeleton hits you but does no damage.
The centaur skeleton completely misses you.
You barely miss the orc priest. Your kick misses the orc priest.
You closely miss something. You hit the centaur skeleton.
You destroy the centaur skeleton!
You slash the orc!
You kill the orc!
The orc priest hits you but does no damage.
A puff of flame appears from out of thin air!
The puff of flame hits you! Something hits you but does no damage.
The orc priest mumbles some strange prayers to Beogh against you.
Beogh smites you!
* * * LOW HITPOINT WARNING * * *
You closely miss the orc priest. Your kick misses the orc priest.
You hit something. Something hits you.
* * * LOW HITPOINT WARNING * * *
The orc priest barely misses you.
Unknown command.
You barely miss the orc priest. You claw the orc priest.
The orc priest is lightly wounded.
You closely miss something. Something hits you but does no damage.
You hear some strange, mumbled words.
A puff of flame appears from out of thin air!
The puff of flame hits you!
You die...

..........###..........
......##..........^....
.......#................
................. .....>
..##........##.###.(#...
.##..#.....#[...........
........................
......######..$.o☼......
####..# #....@.{.....
#..# #............ #..#
#....###..... #.. #...##
#... #.### .. ...# .
####


You could see an orc priest.

Vanquished Creatures
  A necrophage (D:4)
  A phantom (D:4)
  A scorpion (D:5)
  A bullfrog zombie (D:5)
  A hound (D:5)
  2 bullfrog skeletons
  A centaur skeleton (D:5)
  An iguana (D:4)
  An orc wizard (D:5)
  4 gnolls
  5 adders
  3 dart slugs
  11 orcs
  12 ball pythons
  4 endoplasms
  A giant cockroach (D:2)
  18 goblins
  5 hobgoblins
  4 jackals (D:1)
  11 kobolds
  3 quokkas
  9 bats
  5 frilled lizards
  3 rats
  A butterfly (D:4)
109 creatures vanquished.

Notes
Turn   | Place    | Note
-------+----------+-------------------------------------------
     0 | D:1      | Lemonice the Demonspawn Gladiator began the quest for the
                  | Orb.
     0 | D:1      | Reached XP level 1. HP: 16/16 MP: 1/1
   232 | D:1      | Gained mutation: You regenerate magic rapidly. [demonic
                  | ancestry]
   232 | D:1      | Reached XP level 2. HP: 12/22 MP: 2/2
  1032 | D:1      | Reached XP level 3. HP: 28/28 MP: 3/3
  1215 | D:2      | Reached skill level 1 in Armour
  1486 | D:2      | Gained mutation: You have sharp toenails. [demonic
                  | ancestry]
  1486 | D:2      | Reached XP level 4. HP: 34/34 MP: 4/4
  1560 | D:2      | Found a broken altar of Ashenzari.
  1877 | D:2      | Found a faded altar of an unknown god.
  2151 | D:3      | Noticed Terence
  3017 | D:3      | You fall into a shaft and drop 3 floors!
  3021 | D:5      | Entered Level 5 of the Dungeon
  3054 | D:5      | Reached XP level 5. HP: 36/40 MP: 5/5
  3433 | D:4      | Noticed a phantom
  3447 | D:4      | Killed a phantom
  3448 | D:4      | Gained mutation: Your demonic aura sometimes causes spilled
                  | blood to erupt in flames. [demonic ancestry]
  3448 | D:4      | Reached XP level 6. HP: 19/47 MP: 6/6
  4105 | D:4      | Found a staircase to the Ecumenical Temple.
  4116 | Temple   | Entered the Ecumenical Temple
  4787 | D:5      | Found Vufim's Weapon Emporium.
  5068 | D:5      | Gained mutation: Your demonic aura often causes spilled
                  | blood to erupt in flames. [demonic ancestry]
  5068 | D:5      | Reached XP level 7. HP: 48/54 MP: 7/7
  5162 | D:5      | Killed from afar by an orc wizard

Illustrated notes

Levels and vault maps discovered:
D:1:      lemuel_arrival_cross, layout_basic
D:2:      layout_basic, basic_altar, hellmonk_ecumenical_altar_prayer_group,
          st_stairs_10, minmay_heptomino_w4
D:3:      layout_basic, minivault_27, kennysheep_cross_room,
          minmay_goblin_outpost, uniq_terence
D:4:      layout_loops_ring, minmay_temple_entry_butterflies
D:5:      minmay_clustersquares, layout_cave_pools, general_overflow_altar,
          nicolae_dithmenos_shadow_blocks, serial_shops, nicolae_shop_stone
D:6:      layout_layer_cave, minmay_door_square
Temple:   regret_index_temple_generic_petals

Skill      XL: |  1  2  3  4  5  6 |
---------------+-------------------+-----
Axes           | 3 4 |  4.5
Dodging        | 3 4 |  4.4
Armour         | 1 2 3 |  3.1
Fighting       | 3 4 |  4.2
Throwing       | |  1.8

Action                   |  1- 3 |  4- 6 |  7- 9 || total
-------------------------+-------+-------+-------++-------
Melee: War axe           |    80 |   143 |    10 ||   233
       Kick              |       |    37 |     4 ||    41
 Stab: Distracted        |       |     1 |       ||     1
       Sleeping          |       |     1 |       ||     1
Armor: Leather armour    |    35 |    45 |     9 ||    89
Dodge: Dodged            |    63 |   112 |    16 ||   191

Table legend: (Time is in decaauts)
 A = Elapsed time spent in this place.
 B = Non-inter-level travel time spent in this place.
 C = Inter-level travel time spent in this place.
 D = Time resting spent in this place.
 E = Time spent auto-exploring this place.
 F = Levels seen in this place.
 G = Mean time per level.
                   A        B        C        D        E       F      G
               +--------+--------+--------+--------+--------+-----+--------+
         Total |   5239 |   5087 |    152 |      0 |   4149 |   7 |  748.4 |
       Dungeon |   4925 |   4773 |    152 |      0 |   3968 |   6 |  820.8 |
        Temple |    313 |    313 |      0 |      0 |    181 |   1 |  313.0 |
               +--------+--------+--------+--------+--------+-----+--------+

Top non-repeatable levels by time:
     D:1: 1454 daAuts
     D:4: 1214 daAuts
     D:2: 974 daAuts
     D:3: 899 daAuts
     D:5: 379 daAuts
  Temple: 313 daAuts
     D:6: 3 daAuts
